 Dungeon Crawl Stone Soup version 0.30-a0-634-g8abc85282e (webtiles) character file.

Game seed: 3291531383258278777

408 bande the Chopper (level 6, -6/38 HPs)
             Began as a Gargoyle Fighter on Jan 15, 2023.
             Mangled by a gnoll sergeant
             ... wielding a +0 trident of venom
              (8 damage)
             ... on level 5 of the Dungeon.
             The game lasted 00:05:56 (3745 turns).

bande the Chopper (Gargoyle Fighter)                Turns: 3745, Time: 00:05:56

Health: -6/38      AC: 15    Str: 20    XL:     6   Next: 88%
Magic:  6/6        EV:  7    Int:  8    God:
Gold:   259        SH:  4    Dex: 11    Spells: 5/5 levels left

rFire   . . .      SeeInvis .    a - +0 war axe (venom)
rCold   + + .      Faith    .    c - +0 buckler
rNeg    + . .      Spirit   .    i - +0 chain mail
rPois   ∞          Reflect  .    (no helmet)
rElec   +          Harm     .    (no cloak)
rCorr   .          Rampage  .    f - +0 pair of gloves
Will    .....                    (no boots) Stlth
                                 k - amulet "Aror" {Acrobat rC++}
HPRegen 0.26/turn                (no ring)
MPRegen 0.10/turn                (no ring)

@: no status effects
A: sickness immunity, AC +4, negative energy resistance 1, electricity
resistance, torment resistance 1, petrification resistance
a: no special abilities


You were on level 5 of the Dungeon.
You visited 1 branch of the dungeon, and saw 5 of its levels.

You collected 259 gold pieces.

Inventory:

Hand Weapons
 a - a +0 war axe of venom (weapon)
 l - a +0 flail
Armour
 c - a +0 buckler (worn)
 f - a +0 pair of gloves (worn)
 i - a +0 chain mail (worn)
Jewellery
 k - the amulet "Aror" (around neck) {Acrobat rC++}
   (You found it on level 2 of the Dungeon)

   [amulet of the acrobat]

   It increases your evasion while moving and waiting.
   rC:        It greatly protects you from cold.
Wands
 n - a wand of iceblast (6)
 s - a wand of paralysis (12)
Scrolls
 h - a scroll of brand weapon
 m - a scroll of fear
Potions
 b - a potion of curing
 d - a potion of might
 e - a potion of berserk rage {unknown}
 g - a potion of mutation
 j - a potion of cancellation
 o - a potion of resistance {unknown}
 t - a potion of magic


   Skills:
 + Level 4.2 Fighting
 + Level 4.7 Axes
 + Level 4.5 Armour
 + Level 4.0 Shields
 * Level 1.6 Evocations


You had 5 spell levels left.
You didn't know any spells.
Your spell library contained the following spells:

 Spells                   Type           Power      Damage    Failure   Level
 Stone Arrow              Conj/Erth      0%         3d7       100%        3
 Animate Armour           Summ/Erth      0%         N/A       100%        4
 Lehudib's Crystal Spear  Conj/Erth      0%         10d2      100%        8


Dungeon Overview and Level Annotations

Branches:
Dungeon (5/15)
 Temple: D:4-7

Altars:
Elyvilon
Nemelex Xobeh

Shops:
D:4 :


Innate Abilities, Weirdness & Mutations

You are immune to sickness and miasma.
Your stone body is resilient. (AC +4)
You are immune to poison.
You resist negative energy. (rN+)
You are resistant to electric shocks. (rElec)
You are resistant to unholy torment.
You are immune to petrification.


Message History

You slash the gnoll!
You kill the gnoll!
The gnoll hits you from afar with a +0 halberd!
The gnoll completely misses you.
Things that are here:
a +0 club; a gnoll corpse You slash the gnoll!
You kill the gnoll!
The gnoll sergeant hits you from afar with a +0 trident of venom!
You block the gnoll sergeant's attack.
You are too injured to fight recklessly!
You are too injured to fight recklessly!
You are too injured to fight recklessly!
You are too injured to fight recklessly!
You are too injured to fight recklessly!
You are too injured to fight recklessly!
You are too injured to fight recklessly!
You are too injured to fight recklessly!
You are too injured to fight recklessly!
A gnoll comes into view. It is wielding a +0 flail.
The gnoll sergeant hits you but does no damage.
The gnoll misses you.
You see here a +0 halberd.
You barely miss the gnoll sergeant.
The gnoll shouts!
The gnoll sergeant hits you with a +0 trident of venom.
The gnoll hits you from afar with a +1 halberd of flaming.
* * * LOW HITPOINT WARNING * * *
The gnoll burns you.
* * * LOW HITPOINT WARNING * * *
You hit the gnoll sergeant but do no damage.
The gnoll sergeant hits you with a +0 trident of venom.
* * * LOW HITPOINT WARNING * * *
The gnoll hits you from afar with a +1 halberd of flaming.
* * * LOW HITPOINT WARNING * * *
The gnoll burns you.
* * * LOW HITPOINT WARNING * * *
The gnoll sergeant blocks your attack.
The gnoll sergeant hits you with a +0 trident of venom!
You die...

.....###.#.# *,*
.....# #.#.### *,*
###### #.....# *,*
#.########*,*
#.........,,*
########..#######***
..........#
..######..###########
..'.........$..)@gg.#
..######..########g##
..# #...# *,# ..#
*#.#.# *,* ..#
#..#.#**** *,* ..*
#.##..,,,* *,*
,,***#.*###**,* *,*
***,,..* *,* *,*
***,**** *,* *,*


You could see a gnoll sergeant and 2 gnolls.

Vanquished Creatures
  An ogre (D:5)
  A bullfrog (D:5)
  A scorpion (D:5)
  A hound (D:4)
  6 gnolls
  2 adders
  An ufetubus (D:5)
  A worm (D:4)
  4 dart slugs
  3 orcs
  5 bats
  5 endoplasms
  5 giant cockroaches
  10 goblins
  8 hobgoblins
  2 jackals (D:1)
  7 kobolds
  4 quokkas
  6 ball pythons
  2 frilled lizards
  A rat (D:2)
76 creatures vanquished.

Notes
Turn   | Place    | Note
-------+----------+-------------------------------------------
     0 | D:1      | bande the Gargoyle Fighter began the quest for the Orb.
     0 | D:1      | Reached XP level 1. HP: 14/14 MP: 1/1
   124 | D:1      | Reached XP level 2. HP: 16/19 MP: 2/2
   538 | D:1      | Reached XP level 3. HP: 24/24 MP: 3/3
  1191 | D:2      | Identified the amulet "Aror" {Acrobat rC++}
  1262 | D:2      | Found a faded altar of an unknown god.
  1565 | D:3      | Found a white marble altar of Elyvilon.
  1593 | D:3      | Reached XP level 4. HP: 28/29 MP: 4/4
  2115 | D:3      | Found a sparkling altar of Nemelex Xobeh.
  2449 | D:4      | Found Zamyneu's Self-Improvement Boutique.
  2463 | D:4      | Reached XP level 5. HP: 27/33 MP: 5/5
  2861 | D:5      | Entered Level 5 of the Dungeon
  3018 | D:4      | Reached skill level 1 in Evocations
  3018 | D:4      | Reached XP level 6. HP: 27/38 MP: 6/6
  3745 | D:5      | Mangled by a gnoll sergeant

Illustrated notes

Levels and vault maps discovered:
D:1:      spicycebolla_green_bress_n_ham, layout_basic
D:2:      layout_loops_ring, hellmonk_ecumenical_altar_blasted
D:3:      layout_basic, nicolae_elyvilon_peaceful_grove, nemelex_altar_shiori,
          solitary_fountain
D:4:      layout_cave_pools, kennysheep_cluttered_room, chequers_mini_garden,
          grunt_ministairs_9, wad_floor_pattern_2, nicolae_shop_self_help
D:5:      layout_basic

Skill      XL: |  1  2  3  4  5  6 |
---------------+-------------------+-----
Axes           | 2 3 4 |  4.7
Fighting       | 4 |  4.2
Armour         | 4 |  4.5
Evocations     | 1 |  1.6
Shields        | 4 |  4.0

Action                   |  1- 3 |  4- 6 || total
-------------------------+-------+-------++-------
Melee: War axe           |   115 |   116 ||   231
  Use: Scroll            |       |    13 ||    13
Armor: Scale mail        |    18 |       ||    18
       Chain mail        |    54 |    62 ||   116
Dodge: Dodged            |    54 |    55 ||   109
Block: Buckler           |    29 |    33 ||    62

Table legend: (Time is in decaauts)
 A = Elapsed time spent in this place.
 B = Non-inter-level travel time spent in this place.
 C = Inter-level travel time spent in this place.
 D = Time resting spent in this place.
 E = Time spent auto-exploring this place.
 F = Levels seen in this place.
 G = Mean time per level.
                   A        B        C        D        E       F      G
               +--------+--------+--------+--------+--------+-----+--------+
         Total |   3839 |   3785 |     54 |    424 |   2565 |   5 |  767.8 |
       Dungeon |   3839 |   3785 |     54 |    424 |   2565 |   5 |  767.8 |
               +--------+--------+--------+--------+--------+-----+--------+

Top non-repeatable levels by time:
     D:1: 909 daAuts
     D:4: 800 daAuts
     D:3: 754 daAuts
     D:5: 697 daAuts
     D:2: 677 daAuts
